 Dungeon Sprint DCSS version 0.30-a0-385-gfebfb9b408 (webtiles) character file.

Game seed: 3405422280701311625

23 rocky1 the Shield-Bearer (level 3, -1/31 HPs)
             Began as a Formicid Fighter on Dec 3, 2022.
             Was a Priest of Cheibriados.
             Killed from afar by a white imp (9 damage)
             ... with a puff of frost
             ... in the Dungeon (Sprint VII: "The Pits").
             The game lasted 00:01:21 (197 turns).

rocky1 the Shield-Bearer (Formicid Fighter)          Turns: 197, Time: 00:01:22

Health: -1/31      AC: 14    Str: 29    XL:     3   Next: 10%
Magic:  3/3        EV:  7    Int: 14    God:    Cheibriados [***...]
Gold:   0          SH:  6    Dex: 20    Spells: 2/2 levels left

rFire   . . .      SeeInvis +    l - +2 flail (protect)
rCold   . . .      Faith    .    c - +0 buckler
rNeg    . . .      Spirit   .    k - +2 plate armour
rPois   .          Reflect  .    (helmet unavailable)
rElec   .          Harm     .    (no cloak)
rCorr   .          Rampage  .    (no gloves)
Will    .....                    (no boots)
Stlth   ..........               (no amulet)
HPRegen 0.25/turn                (no ring)
MPRegen 0.08/turn                (no ring)

@: invisible, very slow
A: permanent stasis, dig shafts and tunnels, antennae 3, four strong arms
a: Dig, Renounce Religion, Bend Time, Temporal Distortion


You were in the Dungeon.
You worshipped Cheibriados.
Cheibriados was most pleased with you.
You visited 1 branch

Inventory:

Hand Weapons
 a - a +0 flail
 l - a +2 flail of protection (weapon)
 m - a +2 vorpal hand axe
Armour
 b - a +0 scale mail
 c - a +0 buckler (worn)
 k - a +2 plate armour (worn)
Scrolls
 i - 5 scrolls of amnesia
 j - a scroll of summoning
Potions
 d - a potion of might
 e - 6 potions of curing
 f - 6 potions of heal wounds
 g - 4 potions of magic
 h - a potion of invisibility


   Skills:
 + Level 4.3 Fighting
 + Level 2.5 Maces & Flails
 + Level 4.4 Armour
 + Level 6.3 Shields


You had 2 spell levels left.
You didn't know any spells.
Your spell library was empty.

Dungeon Overview and Level Annotations

Branches:
Dungeon (1/1)

Altars:
Ashenzari
Cheibriados
Dithmenos
Elyvilon
Fedhas
Gozag
Hepliaklqana
Kikubaaqudgha
Makhleb
Nemelex Xobeh
Okawaru
Qazlal
Ru
Sif Muna
Trog
Uskayaw
Vehumet
Wu Jian
Xom
Yredelemnul
Zin
The Shining One
Jiyva
Lugonu


Innate Abilities, Weirdness & Mutations

You cannot be hasted, slowed, berserked, paralysed or teleported.
You can dig through walls and to a lower floor.
You have a pair of large antennae on your head. (SInv)
Your four strong arms can wield two-handed weapons with a shield.


Message History

You see here a +2 vorpal hand axe.
m - a +2 vorpal hand axe
There is an open door here.
Things that are here:
a +0 club; a goblin corpse
There is an open door, spattered with blood here.
You see here a hobgoblin corpse.
There is an open door here.
Items here: ( )) [.
There is an open door, spattered with blood here.
You open the door.
There is an open door here.
You open the door.
A warg and a worm come into view.
The warg howls!
A white imp comes into view.
An ice beast comes into view.
There is an open door here.
Okay, then.
You sock the warg!
Your weapon exudes an aura of protection.
The warg is moderately wounded.
The warg barely misses you.
You hit the warg.
The warg is heavily wounded.
You block the warg's attack. The warg bites you but does no damage.
You barely miss the warg.
The warg is heavily wounded.
The warg bites you! The warg closely misses you.
Unknown command.
You fade into invisibility!
The white imp grinds its teeth.
The white imp gestures at you.
The puff of frost hits the warg!
The warg bites you!
You barely miss the warg.
The warg is severely wounded.
The warg bites you!
* * * LOW HITPOINT WARNING * * *
The white imp gestures at the warg.
The puff of frost misses the warg.
The puff of frost hits you!
You die...

#...........'.....
#'#####'#####.....
#.#...#)#.[##.....
#.#...#.#))#####'#
#.#...'.#.)##.....
#.##†####.)##.....
#.#...).#..##.....
#.#.....#'###...<.
#@#........##.....
#h#........##.....
#5###########.....
#Yw.....#{{ ######
#.###.Y.#{ #.# {
.#{ {{ #.# #.. #..


You could see a warg, an ice beast (unable to see you), a worm (unable to see
you) and a white imp (unable to see you).

Vanquished Creatures
  An adder (D)
  An adder zombie (D)
  An orc (D)
  2 bats (D)
  2 goblins (D)
  2 hobgoblins (D)
9 creatures vanquished.

Notes
Turn   | Place    | Note
-------+----------+-------------------------------------------
     0 | D        | rocky1 the Formicid Fighter began the quest for the Orb.
     0 | D        | Reached XP level 1. HP: 18/18 MP: 1/1
    45 | D        | Found a bloodstained altar of Trog.
    45 | D        | Found a shimmering blue altar of Sif Muna.
    45 | D        | Found a viscous altar of Jiyva.
    45 | D        | Found a hazy altar of Hepliaklqana.
    45 | D        | Found an opulent altar of Gozag.
    46 | D        | Found a glowing golden altar of the Shining One.
    46 | D        | Found a glowing silver altar of Zin.
    46 | D        | Found a basalt altar of Yredelemnul.
    46 | D        | Found a shimmering altar of Xom.
    46 | D        | Found an ornate altar of the Wu Jian Council.
    46 | D        | Found a sacrificial altar of Ru.
    46 | D        | Found a stormy altar of Qazlal.
    46 | D        | Found an iron altar of Okawaru.
    46 | D        | Found a sparkling altar of Nemelex Xobeh.
    46 | D        | Found a burning altar of Makhleb.
    46 | D        | Found a blossoming altar of Fedhas.
    46 | D        | Found a white marble altar of Elyvilon.
    46 | D        | Found a shadowy altar of Dithmenos.
    46 | D        | Found a snail-covered altar of Cheibriados.
    49 | D        | Found a corrupted altar of Lugonu.
    49 | D        | Found a radiant altar of Vehumet.
    50 | D        | Found an ancient bone altar of Kikubaaqudgha.
    50 | D        | Found a hide-covered altar of Uskayaw.
    50 | D        | Found a broken altar of Ashenzari.
    57 | D        | Became a worshipper of Cheibriados the Contemplative
    84 | D        | Reached * piety under Cheibriados
    99 | D        | Reached skill level 5 in Shields
    99 | D        | Reached XP level 2. HP: 25/25 MP: 2/2
   104 | D        | Reached ** piety under Cheibriados
   120 | D        | Reached skill level 6 in Shields
   120 | D        | Reached XP level 3. HP: 21/30 MP: 3/3
   121 | D        | Reached *** piety under Cheibriados
   190 | D        | Noticed a warg
   190 | D        | Noticed an ice beast
   197 | D        | Killed from afar by a white imp

Illustrated notes

Levels and vault maps discovered:
D:        pitsprint [storerooms_1, entrance_room_1, metal_vault_3, armoury_1,
          mini_pit_1, grid_room_1, main_hall_1, silver_pit, the_coven_3,
          the_vestibule_1, steel_vault_4, golden_pit, hallway_of_sentries,
          crystal_vault_1, iron_vault_5, final_vault]

Skill      XL: |  1  2 |
---------------+-------+-----
Shields        | 5 6 |  6.3
Armour         | 4 |  4.4
Fighting       | 4 |  4.3
Maces & Flails | |  2.5

Action                   || total
-------------------------++-------
Melee: Flail             ||    45
  Use: Potion            ||     1
Armor: Scale mail        ||    22
       Plate armour      ||     1
Dodge: Dodged            ||    22
Block: Buckler           ||    15

Table legend: (Time is in decaauts)
 A = Elapsed time spent in this place.
 B = Non-inter-level travel time spent in this place.
 C = Inter-level travel time spent in this place.
 D = Time resting spent in this place.
 E = Time spent auto-exploring this place.
 F = Levels seen in this place.
 G = Mean time per level.
                   A        B        C        D        E       F      G
               +--------+--------+--------+--------+--------+-----+--------+
         Total |    250 |    219 |     31 |      4 |      0 |   1 |  250.0 |
       Dungeon |    250 |    219 |     31 |      4 |      0 |   1 |  250.0 |
               +--------+--------+--------+--------+--------+-----+--------+

Top non-repeatable levels by time:
       D: 250 daAuts
